Map: Blackpink LE

Players

Dear

  • Race: Protoss Protoss
  • Spawn Location: 7:00

Impact - Winner!

  • Race: Zerg Zerg
  • Spawn Location: 1:00

Event: IEM Season 12 - Katowice

VOD

Have the link to the VOD?

Description

Time

  • Played on: March 3, 2018, 7:33 a.m.
  • Length: 12:25

All games in this series

Show
View Real Time Build Order
Export as new Build Order

Dear Protoss 

Build Orders: 1 Gate Expand, Oracle Opening, Phoenix Opening, Archon Immortal, Zealot Archon, Archon Drop 

Get SALT Encoding   

  12  0:00  Probe  
  13  0:12  Probe  
  14  0:18  Pylon  
  14  0:24  Probe  
  15  0:36  Probe (Chrono Boost)  
  16  0:44  Gateway  
  16  0:46  Probe (Chrono Boost)  
  16  0:47  Assimilator  
  17  0:51  Probe (Chrono Boost)  
  18  1:03  Probe  
  19  1:15  Probe  
  20  1:22  Nexus  
  20  1:34  Cybernetics Core  
  20  1:36  Probe  
  21  1:43  Assimilator  
  21  1:48  Probe  
  21  1:52  Pylon  
  22  2:00  Probe  
  23  2:11  Adept (Chrono Boost)  
  23  2:12  Probe  
  26  2:15  Stargate  
  26  2:25  Probe (Chrono Boost)  
  26  2:26  Warp Gate  
  26  2:29  Adept  
  27  2:34  Probe (Chrono Boost)  
  31  2:37  Probe (Chrono Boost)  
  31  2:44  Probe x2 (Chrono Boost)  
  32  2:49  Probe (Chrono Boost)  
  32  2:51  Probe  
  35  2:59  Phoenix (Chrono Boost)  
  35  3:00  Probe  
  35  3:03  Probe  
  39  3:07  Gateway  
  39  3:14  Probe  
  39  3:15  Probe  
  39  3:16  Pylon  
  39  3:19  Oracle (Chrono Boost)  
  45  3:27  Probe x2  
  45  3:29  Assimilator  
  45  3:31  Assimilator  
  46  3:38  Robotics Facility  
  46  3:40  Probe  
  46  3:41  Probe  
  48  3:50  Pylon  
  48  3:52  Probe  
  48  3:53  Probe  
  48  3:54  Twilight Council  
  50  4:05  Probe x2  
  50  4:09  Gateway x2  
  52  4:17  Probe x2  
  53  4:22  Warp Prism (Chrono Boost)  
  54  4:25  Pylon  
  54  4:30  Zealot  
  58  4:34  Templar Archives  
  58  4:37  Zealot  
  60  4:42  Pylon  
  60  4:45  Charge  
  60  4:51  Observer  
  61  5:00  Nexus  
  60  5:07  Probe  
  61  5:19  Shield Battery  
  61  5:22  Forge  
  61  5:23  High Templar x3  
  61  5:24  High Templar  
  61  5:28  Immortal (Chrono Boost), Archon x2  
  69  5:33  Gateway  
  69  5:34  Gateway  
  73  5:45  Gateway  
  73  5:46  Protoss Ground Weapons Level 1 (Chrono Boost)  
  73  5:47  Gateway  
  73  5:54  Immortal (Chrono Boost)  
  73  5:59  Probe  
  73  6:00  Pylon  
  73  6:04  Pylon  
  78  6:12  Sentry  
  78  6:13  Zealot x2, Sentry  
  86  6:28  Probe x3  
  86  6:31  Immortal (Chrono Boost)  
  93  6:40  Zealot x5  
  93  6:44  Pylon  
  103  6:48  Pylon  
  103  6:51  High Templar x2  
  107  6:55  Archon  
  107  6:58  Zealot  
  108  7:08  Pylon, Zealot x5  
  118  7:13  Probe x3  
  121  7:16  Observer (Chrono Boost)  
  121  7:18  Pylon  
  122  7:26  High Templar x2  
  122  7:27  Zealot  
  122  7:28  Zealot x2  
  132  7:30  Archon  
  118  7:37  Zealot x3  
  118  7:41  Probe x3  
  91  7:57  Zealot x6  
  91  8:05  High Templar x2  
  79  8:06  Zealot x6  
  79  8:12  Probe  
  75  8:13  Probe x2  
  75  8:14  Immortal (Chrono Boost), Assimilator  
  75  8:16  Assimilator  
  75  8:18  Archon  
  79  8:27  Zealot x5  
  81  8:29  Zealot  
  81  8:31  Protoss Ground Weapons Level 2 (Chrono Boost)  
  81  8:32  Psionic Storm  
  91  8:34  Probe x2  
  91  8:35  Probe  
  94  8:43  Warp Prism (Chrono Boost)  
  96  8:55  High Templar x2  
  96  9:01  Zealot x3  
  96  9:02  Immortal (Chrono Boost), High Templar  
  108  9:16  Nexus  
  112  9:18  High Templar  
  114  9:24  Sentry  
  114  9:25  Zealot x2  
  114  9:26  Zealot  
  122  9:38  Immortal (Chrono Boost)  
  126  9:49  Zealot x2  
  126  9:50  Zealot x2  
  126  9:51  High Templar  
  126  9:52  Zealot, High Templar  
  140  9:55  Archon  
  140  9:58  Pylon  
  140  9:59  Pylon  
  140  10:09  Pylon  
  140  10:11  Pylon  
  138  10:16  Immortal (Chrono Boost)  
  138  10:19  Zealot x4, High Templar x2  
  140  10:35  Zealot x2  
  140  10:37  Pylon  
  140  10:39  Probe x4  
  142  10:45  High Templar x2  
  142  10:49  Zealot x2, Archon  
  150  10:50  Immortal (Chrono Boost)  
  150  10:53  Zealot  
  150  10:54  Zealot  
  154  11:09  Pylon  
  148  11:13  Zealot x4  
  148  11:14  Zealot x2  
  142  11:20  Immortal (Chrono Boost)  
  140  11:28  Archon  
  140  11:30  Archon  
  140  11:31  Zealot x2  
  118  11:38  Zealot x4  
  118  11:39  Zealot x2  
  64  11:55  Immortal (Chrono Boost)  
  64  11:56  Zealot x2  
  59  12:08  Zealot x3  
  59  12:09  Zealot x2  
Show
View Real Time Build Order
Export as new Build Order

Impact Zerg - Winner!

Build Orders: Hatch First, Roach Hydra 

Get SALT Encoding   

  12  0:00  Drone  
  13  0:13  Overlord  
  13  0:17  Drone  
  14  0:31  Drone x2  
  16  0:48  Hatchery  
  15  0:52  Drone  
  15  0:55  Drone  
  17  0:58  Drone  
  18  1:08  Drone  
  18  1:09  Extractor  
  18  1:16  Spawning Pool  
  17  1:20  Drone  
  18  1:31  Drone  
  19  1:40  Drone  
  20  1:50  Drone  
  21  2:01  Overlord  
  21  2:03  Queen x2, Zergling x2  
  26  2:09  Metabolic Boost  
  26  2:11  Drone  
  26  2:14  Drone  
  28  2:23  Drone x2  
  30  2:36  Hatchery  
  29  2:38  Drone  
  29  2:41  Drone  
  31  2:45  Drone  
  31  2:48  Overlord  
  32  2:54  Drone x2  
  34  3:06  Drone x2  
  34  3:10  Drone x2  
  34  3:11  Drone x4  
  42  3:17  Overlord  
  42  3:19  Queen  
  44  3:25  Overlord  
  44  3:27  Overlord  
  44  3:31  Spore Crawler  
  44  3:33  Drone  
  44  3:39  Zergling x4  
  46  3:44  Overlord  
  46  3:45  Zergling x4  
  49  3:48  Zergling x2  
  49  3:50  Drone  
  49  3:54  Spore Crawler  
  52  3:55  Drone  
  52  3:57  Queen  
  52  4:00  Drone  
  52  4:01  Drone, Spore Crawler  
  53  4:03  Drone  
  54  4:10  Drone  
  54  4:12  Drone  
  55  4:17  Drone x4  
  55  4:18  Drone x2  
  55  4:24  Drone, Roach Warren  
  62  4:26  Lair  
  61  4:31  Extractor  
  61  4:32  Drone x3, Extractor  
  61  4:38  Overlord  
  62  4:39  Drone  
  63  4:47  Drone  
  63  4:48  Drone x3  
  63  4:49  Drone  
  63  4:50  Drone  
  63  4:51  Drone  
  63  4:52  Overlord  
  70  4:53  Overlord  
  68  5:03  Roach  
  68  5:04  Roach x2  
  68  5:05  Roach x4  
  81  5:12  Roach x2  
  81  5:13  Roach  
  87  5:14  Evolution Chamber  
  87  5:17  Drone  
  87  5:18  Roach  
  87  5:19  Roach  
  91  5:21  Overlord x2  
  91  5:26  Roach x2  
  91  5:27  Glial Reconstitution  
  91  5:28  Drone  
  96  5:30  Drone  
  96  5:31  Extractor  
  96  5:33  Overseer  
  96  5:34  Drone  
  97  5:37  Extractor  
  97  5:38  Extractor  
  97  5:39  Drone  
  97  5:41  Overlord  
  96  5:44  Overlord  
  96  5:46  Zerg Missile Weapons Level 1  
  96  5:48  Drone  
  97  5:51  Drone  
  97  5:52  Drone  
  97  5:53  Roach  
  97  5:54  Roach x2  
  97  5:56  Drone x5  
  110  5:57  Drone  
  110  6:00  Overlord  
  110  6:03  Drone  
  112  6:05  Roach  
  112  6:09  Overlord x2  
  114  6:24  Drone  
  115  6:25  Roach  
  115  6:26  Roach x5  
  115  6:27  Hydralisk Den  
  124  6:36  Overseer  
  124  6:44  Drone  
  125  6:54  Hatchery  
  125  6:58  Hydralisk x10  
  144  7:04  Hydralisk, Grooved Spines  
  144  7:06  Roach  
  144  7:08  Roach, Zergling x8  
  150  7:10  Overlord  
  150  7:13  Overlord  
  150  7:14  Spine Crawler  
  152  7:16  Overlord  
  152  7:19  Hydralisk  
  154  7:23  Overlord x2  
  154  7:29  Hydralisk  
  154  7:30  Hydralisk  
  154  7:31  Hydralisk  
  154  7:36  Hydralisk  
  154  7:38  Hydralisk  
  154  7:42  Hydralisk  
  126  7:45  Hydralisk x3  
  126  7:49  Hydralisk x2  
  114  7:53  Hydralisk  
  100  7:59  Hydralisk x2  
  100  8:03  Hydralisk  
  100  8:04  Queen  
  89  8:10  Drone  
  89  8:12  Drone  
  87  8:13  Drone  
  87  8:14  Drone  
  87  8:15  Muscular Augments  
  89  8:20  Drone x3  
  89  8:26  Zerg Missile Weapons Level 2  
  92  8:27  Drone  
  92  8:28  Drone  
  94  8:35  Roach x3  
  94  8:38  Queen  
  102  8:43  Drone x2  
  102  8:45  Drone  
  102  8:47  Hydralisk  
  107  8:49  Hydralisk  
  107  8:51  Hydralisk  
  107  8:53  Pneumatized Carapace  
  111  8:56  Hydralisk  
  111  8:57  Hydralisk  
  111  9:01  Hydralisk  
  117  9:03  Roach  
  117  9:05  Roach  
  117  9:08  Roach  
  123  9:13  Roach x3  
  123  9:14  Roach  
  131  9:18  Drone  
  131  9:19  Drone  
  131  9:21  Drone  
  131  9:22  Roach  
  136  9:24  Roach  
  136  9:26  Roach  
  136  9:30  Roach  
  142  9:32  Overseer  
  142  9:33  Roach  
  142  9:36  Roach x2  
  148  9:45  Roach x5  
  158  9:48  Roach x3  
  158  9:50  Roach  
  166  9:54  Roach  
  168  10:00  Roach  
  168  10:01  Roach x2  
  168  10:05  Hydralisk  
  168  10:07  Queen, Hydralisk x2  
  176  10:08  Extractor  
  176  10:12  Hydralisk  
  183  10:15  Hydralisk  
  183  10:19  Drone  
  183  10:20  Drone x2  
  181  10:22  Roach  
  181  10:23  Roach x3  
  181  10:25  Overlord  
  181  10:28  Overlord  
  185  10:32  Hydralisk  
  185  10:33  Hydralisk  
  187  10:36  Roach  
  187  10:38  Roach  
  187  10:41  Overlord  
  191  10:46  Roach x2  
  195  10:50  Ravager x2  
  195  10:51  Ravager x2  
  195  10:52  Zergling x2  
  200  11:04  Roach  
  188  11:19  Roach x6  
  188  11:23  Hydralisk x3  
  192  11:27  Roach  
  192  11:28  Roach x4  
  192  11:31  Roach  
  164  11:34  Hydralisk  
  164  11:36  Hydralisk  
  164  11:39  Roach  
  165  11:44  Roach, Zergling x2  
  154  11:52  Roach x5  
  150  11:57  Roach  
  150  11:59  Roach  
  146  12:02  Roach  
  146  12:07  Ravager x2  

Tags
 
Add a new tag
Caveats
  • Supply blocks, unpowered buildings, or Contaminate may cause inaccurate times.
  • Supply counts are checked every 10 seconds.